Blues vs Lightning

Created - December 6, 2015 at 11:02

Goals
1 2 3 T
Blues 3 0 0 3
Lightning 0 0 2 2
Shots
1 2 3 T
Blues 14 9 13 36
Lightning 9 13 11 33

1st period

1. Blues , Jiri Hudler 19 (Jussi Jokinen, Johnny Boychuk) at 6:23
2. Blues , Clarke MacArthur 3 (Matt Carle, Jay McClement) at 6:49
3. Blues , Jiri Hudler 20 (Matt Irwin, Jussi Jokinen) at 7:46

Penalties :
John Gaudreau (TBL) for Slashing (Minor) at 9:58

2nd period

No Goal

Penalties :
Erik Gudbranson (TBL) for Goalie Interference (Minor) at 0:56, Erik Gudbranson (TBL) for Roughing (Double Minor) at 5:15, Johnny Boychuk (STL) for Holding (Minor) at 13:19, Tyson Strachan (STL) for Tripping (Minor) at 18:06

3rd period

4. Lightning , Eric Fehr 6 (Maxime Talbot, Troy Brouwer) at 14:36
5. Lightning , Hampus Lindholm 2 (Travis Zajac) at 19:15 (PP)

Penalties :
Erik Gudbranson (TBL) for Hooking (Minor) at 0:15, Patric Hornqvist (TBL) for Hooking (Minor) at 2:20, Cal Clutterbuck (STL) for Tripping (Minor) at 19:11

Goalie Stats

Antti Niemi (STL), 31 saves from 33 shots - (0.939), W, 23-5-1, 60:00 minutes
Jaroslav Halak (TBL), 33 saves from 36 shots - (0.917), L, 10-13-3, 59:28 minutes

Players Stats for Blues

Player Name              G  A  P  +/- PIM S  H  SB GA TA FO     MP     PP MP  PK MP  
------------------------------------------------------------------------------------
Cal Clutterbuck          0  0  0  -1  2   1  1  2  0  0  0/0    17:57   0:00   0:00 
Carl Gunnarsson          0  0  0   0  0   2  0  0  0  0  0/0    19:51   5:09   0:29 
Clarke MacArthur         1  0  1   1  0   2  2  0  0  0  1/1    12:26   0:00   0:18 
Jakub Kindl              0  0  0   0  0   0  0  0  0  0  0/0     2:43   0:18   2:25 
Jay McClement            0  1  1   1  0   0  1  0  0  0  11/26  20:51   6:37   2:06 
Jiri Hudler              2  0  2   2  0   8  0  0  0  0  15/32  20:43   5:18   1:28 
Joakim Andersson         0  0  0  -1  0   1  0  0  0  0  2/5     5:46   0:00   0:28 
Johnny Boychuk           0  1  1   0  2   3  1  1  0  0  0/0    21:54   6:46   0:12 
Jussi Jokinen            0  2  2   2  0   2  0  0  0  0  0/1    13:13   0:00   0:00 
Lee Stempniak            0  0  0   1  0   2  1  0  0  0  0/0    17:26   5:18   0:00 
Marian Hossa             0  0  0   0  0   3  0  0  0  0  0/1    21:55   6:37   1:54 
Matt Carle               0  1  1   1  0   0  1  2  0  0  0/0    24:31   6:28   2:42 
Matt Irwin               0  1  1   1  0   2  0  1  0  0  0/0    20:29   5:09   0:51 
Michael Raffl            0  0  0   2  0   4  1  0  0  0  0/0    18:31   5:18   0:00 
Mike Fisher              0  0  0   0  0   5  1  1  0  0  18/31  21:51   6:37   1:50 
Mike Weaver              0  0  0   1  0   1  3  0  0  0  0/0    15:20   0:00   0:51 
Rob Klinkhammer          0  0  0  -1  0   0  0  0  0  0  0/0     5:18   0:00   0:00 
Tyson Strachan           0  0  0   1  2   0  1  0  0  0  0/0    15:10   0:00   0:34 

Players Stats for Lightning

Player Name              G  A  P  +/- PIM S  H  SB GA TA FO     MP     PP MP  PK MP  
------------------------------------------------------------------------------------
Andre Benoit             0  0  0   0  0   1  1  1  0  0  0/0    18:05   0:00   3:48 
Andrej Sekera            0  0  0   0  0   0  1  1  0  0  0/0    19:59   1:44   5:01 
Brad Hunt                0  0  0   1  0   1  3  0  0  0  0/0    14:08   0:39   1:06 
Christian Ehrhoff        0  0  0  -3  0   1  0  3  0  0  0/0    22:09   2:00   6:54 
David Schlemko           0  0  0   0  0   0  0  0  0  0  0/0     0:08   0:00   0:00 
Eric Fehr                1  0  1   1  0   3  0  0  0  0  0/1    12:32   0:00   4:21 
Erik Gudbranson          0  0  0  -2  8   0  3  2  0  0  0/0    20:54   1:39   2:00 
Hampus Lindholm          1  0  1   0  0   2  1  2  0  0  0/0    24:34   2:02   5:01 
Henrik Sedin             0  0  0  -1  0   5  0  0  0  0  19/34  22:15   2:24   0:40 
John Gaudreau            0  0  0  -1  2   5  0  0  0  0  1/1    14:45   1:38   0:00 
Kyle Okposo              0  0  0  -1  0   5  1  0  0  0  1/3    14:46   1:38   0:00 
Maxime Talbot            0  1  1   0  0   1  1  0  0  0  6/19   11:49   0:00   0:05 
Nick Spaling             0  0  0  -1  0   0  1  0  0  0  0/3     7:54   0:00   4:21 
Patric Hornqvist         0  0  0  -1  2   5  7  0  0  0  0/0    21:34   2:24   0:00 
Radim Vrbata             0  0  0  -1  0   1  0  0  0  0  1/2    21:35   2:24   0:00 
Teddy Purcell            0  0  0  -1  0   1  0  0  0  0  0/0     3:33   0:00   0:00 
Travis Zajac             0  1  1  -1  0   1  3  0  0  0  21/33  21:40   1:38   6:54 
Troy Brouwer             0  1  1   1  0   1  1  0  0  0  1/1    15:40   0:00   7:29 

3 Stars

1 - Jiri Hudler (STL)
2 - Clarke MacArthur (STL)
3 - Jussi Jokinen (STL)

Power Play

Blues - 0 on 6 Attempt(s) - 0.00%
Lightning - 1 on 3 Attempt(s) - 33.33%

Penalty Kill

Blues - 2 on 3 Attempt(s) - 66.67% - Score 0 goal in Penalty Kill
Lightning - 6 on 6 Attempt(s) - 100.00% - Score 0 goal in Penalty Kill

Team Stat

Blues - Hits : 13 - Faceoff Wins : 47 - Blocked Shots : 7 - Penalty Minutes : 6
Lightning - Hits : 23 - Faceoff Wins : 50 - Blocked Shots : 9 - Penalty Minutes : 12

Official

Referees : Chris Lee and Trevor Hanson
Linesman : Brad Lazarowich and Steve Barton

Game Notes

Christian Ehrhoff is injured at 8:58 of 3rd period (Left Hip)

Finance

Level 1 -- Attendance: 6346 (97.63%) -- Ticket Income $698,060
Level 2 -- Attendance: 3417 (68.34%) -- Ticket Income $324,615
Level 3 -- Attendance: 2221 (63.46%) -- Ticket Income $166,575
Level 4 -- Attendance: 2810 (87.70%) -- Ticket Income $126,450
Luxury Box -- Attendance: 502 (50.20%) -- Ticket Income $180,720
Game was played at the Amalie Arena.
Total Attendance: 15296 (79.65%)
Total Ticket Income: $1,496,420
Other Income: $224,463
Total Income: $1,720,883

% Time on Ice - Blues

Lines # - Real PCT - Wanted PCT - Time Play
Normal Forward
1 - 29% - 32% - 12:40
2 - 31% - 31% - 13:13
3 - 28% - 29% - 12:08
4 - 12% - 8% - 5:18
Normal Defense
1 - 33% - 35% - 14:13
2 - 34% - 33% - 14:37
3 - 33% - 32% - 14:29
4 - 0% - 0% - 0:00
PP Forward
1 - 56% - 60% - 6:37
2 - 44% - 40% - 5:18
PP Defense
1 - 57% - 62% - 6:46
2 - 43% - 38% - 5:09
PK Forward
1 - 52% - 50% - 2:06
2 - 48% - 50% - 1:56
PK Defense
1 - 47% - 51% - 1:54
2 - 53% - 49% - 2:08
PK3 Forward
1 - 0% - 51%
2 - 0% - 49%
PK3 Defense
1 - 0% - 51%
2 - 0% - 49%
44 Forward
1 - 0% - 51%
2 - 0% - 49%
44 Defense
1 - 0% - 51%
2 - 0% - 49%
Last Minute Offensive  - 0:00
Last Minute Defensive  - 0:44
Total
Forward - 60:00
Defense - 60:00

% Time on Ice - Lightning

Lines # - Real PCT - Wanted PCT - Time Play
Normal Forward
1 - 43% - 40% - 18:27
2 - 30% - 30% - 13:08
3 - 19% - 20% - 8:11
4 - 8% - 10% - 3:33
Normal Defense
1 - 39% - 40% - 16:47
2 - 31% - 30% - 13:14
3 - 26% - 20% - 11:07
4 - 5% - 10% - 2:11
PP Forward
1 - 60% - 60% - 2:24
2 - 40% - 40% - 1:38
PP Defense
1 - 50% - 60% - 2:02
2 - 50% - 40% - 2:00
PK Forward
1 - 63% - 60% - 7:34
2 - 37% - 40% - 4:21
PK Defense
1 - 58% - 60% - 6:54
2 - 42% - 40% - 5:01
PK3 Forward
1 - 0% - 60%
2 - 0% - 40%
PK3 Defense
1 - 0% - 60%
2 - 0% - 40%
44 Forward
1 - 0% - 60%
2 - 0% - 40%
44 Defense
1 - 0% - 60%
2 - 0% - 40%
Last Minute Offensive  - 0:44
Last Minute Defensive  - 0:00
Total
Forward - 60:00
Defense - 60:00

Play by Play

1st period


0:01 of 1st period - Henrik Sedin wins face-off versus Mike Fisher in neutral zone.
0:05 of 1st period - Radim Vrbata is hit by Johnny Boychuk and loses puck.
1:10 of 1st period - Matt Carle is hit by Patric Hornqvist and loses puck.
1:52 of 1st period - Shot by John Gaudreau.
1:52 of 1st period - Stopped by Antti Niemi without a rebound.
1:53 of 1st period - Maxime Talbot wins face-off versus Joakim Andersson in Blues zone.
2:00 of 1st period - Shot by Eric Fehr.
2:00 of 1st period - Stopped by Antti Niemi without a rebound.
2:01 of 1st period - Travis Zajac wins face-off versus Jay McClement in Blues zone.
2:41 of 1st period - Shot by Clarke MacArthur.
2:41 of 1st period - Shot Blocked by Erik Gudbranson.
2:56 of 1st period - Icing by Erik Gudbranson.
2:57 of 1st period - Jiri Hudler wins face-off versus Travis Zajac in Lightning zone.
3:00 of 1st period - Shot by Michael Raffl.
3:00 of 1st period - Shot Misses the Net.
3:02 of 1st period - Shot by Michael Raffl.
3:02 of 1st period - Shot Blocked by Erik Gudbranson.
3:26 of 1st period - Shot by Jiri Hudler.
3:26 of 1st period - Shot Blocked by Andrej Sekera.
3:28 of 1st period - Shot by Matt Irwin.
3:28 of 1st period - Stopped by Jaroslav Halak without a rebound.
3:29 of 1st period - Maxime Talbot wins face-off versus Mike Fisher in Lightning zone.
4:23 of 1st period - Off-side.
4:24 of 1st period - Jiri Hudler wins face-off versus Radim Vrbata in neutral zone.
4:30 of 1st period - Icing by Henrik Sedin.
4:31 of 1st period - Henrik Sedin wins face-off versus Jay McClement in Lightning zone.
4:51 of 1st period - Clarke MacArthur is hit by Hampus Lindholm and loses puck.
5:06 of 1st period - Clarke MacArthur is hit by Patric Hornqvist and loses puck.
5:11 of 1st period - Shot by Henrik Sedin.
5:11 of 1st period - Stopped by Antti Niemi without a rebound.
5:12 of 1st period - Joakim Andersson wins face-off versus Travis Zajac in Blues zone.
5:35 of 1st period - Shot by Joakim Andersson.
5:35 of 1st period - Stopped by Jaroslav Halak without a rebound.
5:36 of 1st period - Jiri Hudler wins face-off versus Maxime Talbot in Lightning zone.
5:55 of 1st period - Icing by Jussi Jokinen.
5:56 of 1st period - Jiri Hudler wins face-off versus Henrik Sedin in Blues zone.
6:06 of 1st period - Carl Gunnarsson is hit by Patric Hornqvist and loses puck.
6:23 of 1st period - Shot by Jiri Hudler.
6:23 of 1st period - Goal by Jiri Hudler - Blues : 1 - Lightning : 0.
6:24 of 1st period - Mike Fisher wins face-off versus Maxime Talbot in neutral zone.
6:43 of 1st period - Off-side.
6:44 of 1st period - Jay McClement wins face-off versus Travis Zajac in neutral zone.
6:49 of 1st period - Shot by Clarke MacArthur.
6:49 of 1st period - Goal by Clarke MacArthur - Blues : 2 - Lightning : 0.
6:50 of 1st period - Mike Fisher wins face-off versus Maxime Talbot in neutral zone.
6:55 of 1st period - Shot by Mike Fisher.
6:55 of 1st period - Stopped by Jaroslav Halak without a rebound.
6:56 of 1st period - Mike Fisher wins face-off versus Maxime Talbot in Lightning zone.
7:15 of 1st period - Shot by Troy Brouwer.
7:15 of 1st period - Stopped by Antti Niemi without a rebound.
7:16 of 1st period - Travis Zajac wins face-off versus Jay McClement in Blues zone.
7:19 of 1st period - Shot by Kyle Okposo.
7:19 of 1st period - Stopped by Antti Niemi without a rebound.
7:20 of 1st period - Jiri Hudler wins face-off versus Maxime Talbot in Blues zone.
7:20 of 1st period - Jiri Hudler is hit by Nick Spaling.
7:28 of 1st period - Shot by Jiri Hudler.
7:28 of 1st period - Shot Misses the Net.
7:30 of 1st period - Shot by Jussi Jokinen.
7:30 of 1st period - Stopped by Jaroslav Halak with a rebound.
7:32 of 1st period - Shot by Jussi Jokinen.
7:32 of 1st period - Stopped by Jaroslav Halak with a rebound.
7:34 of 1st period - Shot by Michael Raffl.
7:34 of 1st period - Stopped by Jaroslav Halak with a rebound.
7:36 of 1st period - Shot by Mike Weaver.
7:36 of 1st period - Shot Misses the Net.
7:46 of 1st period - Shot by Jiri Hudler.
7:46 of 1st period - Goal by Jiri Hudler - Blues : 3 - Lightning : 0.
7:47 of 1st period - Jay McClement wins face-off versus Travis Zajac in neutral zone.
7:56 of 1st period - Shot by Clarke MacArthur.
7:56 of 1st period - Stopped by Jaroslav Halak without a rebound.
7:57 of 1st period - Henrik Sedin wins face-off versus Mike Fisher in Lightning zone.
8:38 of 1st period - Shot by Henrik Sedin.
8:38 of 1st period - Deflect By Radim Vrbata.
8:38 of 1st period - Shot Misses the Net.
8:59 of 1st period - Off-side.
9:00 of 1st period - Travis Zajac wins face-off versus Jay McClement in neutral zone.
9:11 of 1st period - Shot by Kyle Okposo.
9:11 of 1st period - Shot Misses the Net.
9:23 of 1st period - Icing by Brad Hunt.
9:24 of 1st period - John Gaudreau wins face-off versus Jiri Hudler in Lightning zone.
9:39 of 1st period - Shot by Kyle Okposo.
9:39 of 1st period - Shot Misses the Net.
9:47 of 1st period - Shot by John Gaudreau.
9:47 of 1st period - Shot Misses the Net.
9:58 of 1st period - Minor Penalty to John Gaudreau for Slashing.
9:59 of 1st period - Mike Fisher wins face-off versus Travis Zajac in Lightning zone.
10:02 of 1st period - Shot by Johnny Boychuk.
10:02 of 1st period - Stopped by Jaroslav Halak without a rebound.
10:03 of 1st period - Travis Zajac wins face-off versus Mike Fisher in Lightning zone.
10:03 of 1st period - Travis Zajac is hit by Mike Fisher.
11:34 of 1st period - Off-side.
11:35 of 1st period - Travis Zajac wins face-off versus Mike Fisher in neutral zone.
11:48 of 1st period - Shot by Mike Fisher.
11:48 of 1st period - Stopped by Jaroslav Halak without a rebound.
11:49 of 1st period - Travis Zajac wins face-off versus Jiri Hudler in Lightning zone.
12:20 of 1st period - Shot by Radim Vrbata.
12:20 of 1st period - Shot Blocked by Matt Irwin.
12:26 of 1st period - Shot by Henrik Sedin.
12:26 of 1st period - Stopped by Antti Niemi without a rebound.
12:27 of 1st period - Jay McClement wins face-off versus Maxime Talbot in Blues zone.
12:27 of 1st period - Jay McClement is hit by Maxime Talbot.
13:30 of 1st period - Shot by Patric Hornqvist.
13:30 of 1st period - Shot Blocked by Cal Clutterbuck.
13:32 of 1st period - Shot by Patric Hornqvist.
13:32 of 1st period - Shot Misses the Net.
13:34 of 1st period - Shot by Patric Hornqvist.
13:34 of 1st period - Shot Blocked by Matt Carle.
13:36 of 1st period - Shot by Radim Vrbata.
13:36 of 1st period - Stopped by Antti Niemi without a rebound.
13:37 of 1st period - Travis Zajac wins face-off versus Jiri Hudler in Blues zone.
14:01 of 1st period - Icing by Andre Benoit.
14:02 of 1st period - Mike Fisher wins face-off versus Travis Zajac in Lightning zone.
14:02 of 1st period - Cal Clutterbuck is hit by Brad Hunt.
14:04 of 1st period - Shot by Mike Fisher.
14:04 of 1st period - Stopped by Jaroslav Halak without a rebound.
14:05 of 1st period - Mike Fisher wins face-off versus Henrik Sedin in Lightning zone.
14:21 of 1st period - Off-side.
14:22 of 1st period - Jiri Hudler wins face-off versus Maxime Talbot in neutral zone.
14:41 of 1st period - Shot by Jiri Hudler.
14:41 of 1st period - Stopped by Jaroslav Halak without a rebound.
14:42 of 1st period - Henrik Sedin wins face-off versus Jay McClement in Lightning zone.
14:49 of 1st period - Shot by Patric Hornqvist.
14:49 of 1st period - Stopped by Antti Niemi without a rebound.
14:50 of 1st period - Mike Fisher wins face-off versus Henrik Sedin in Blues zone.
15:26 of 1st period - Carl Gunnarsson is hit by Patric Hornqvist and loses puck.
16:29 of 1st period - Icing by Carl Gunnarsson.
16:30 of 1st period - Travis Zajac wins face-off versus Mike Fisher in Blues zone.
17:07 of 1st period - Shot by Kyle Okposo.
17:07 of 1st period - Stopped by Antti Niemi without a rebound.
17:08 of 1st period - Henrik Sedin wins face-off versus Jiri Hudler in Blues zone.
17:15 of 1st period - Michael Raffl is hit by Patric Hornqvist and loses puck.
17:29 of 1st period - Off-side.
17:30 of 1st period - Jay McClement wins face-off versus Maxime Talbot in neutral zone.
17:30 of 1st period - Jay McClement is hit by Troy Brouwer.
17:37 of 1st period - Clarke MacArthur is hit by Erik Gudbranson and loses puck.
17:58 of 1st period - Shot by Eric Fehr.
17:58 of 1st period - Shot Misses the Net.
18:00 of 1st period - Shot by Erik Gudbranson.
18:00 of 1st period - Shot Misses the Net.
18:23 of 1st period - Icing by Matt Irwin.
18:24 of 1st period - Jay McClement wins face-off versus Henrik Sedin in Blues zone.
18:45 of 1st period - Patric Hornqvist is hit by Michael Raffl and loses puck.
Goals for this period are 3 for Blues vs 0 for Lightning.
Shots for this period are 14 for Blues vs 9 for Lightning.

2nd period


0:01 of 2nd period - Travis Zajac wins face-off versus Jay McClement in neutral zone.
0:09 of 2nd period - Travis Zajac is hit by Tyson Strachan and loses puck.
0:39 of 2nd period - Off-side.
0:40 of 2nd period - Henrik Sedin wins face-off versus Jiri Hudler in neutral zone.
0:49 of 2nd period - Shot by Radim Vrbata.
0:49 of 2nd period - Shot Misses the Net.
0:56 of 2nd period - Minor Penalty to Erik Gudbranson for Goalie Interference.
0:57 of 2nd period - Troy Brouwer wins face-off versus Mike Fisher in Lightning zone.
1:17 of 2nd period - Shot by Mike Fisher.
1:17 of 2nd period - Shot Misses the Net.
2:15 of 2nd period - Shot by Lee Stempniak.
2:15 of 2nd period - Shot Misses the Net.
2:54 of 2nd period - Shot by Johnny Boychuk.
2:54 of 2nd period - Shot Blocked by Hampus Lindholm.
2:56 of 2nd period - Shot by Johnny Boychuk.
2:56 of 2nd period - Shot Misses the Net.
3:02 of 2nd period - Shot by Patric Hornqvist.
3:02 of 2nd period - Shot Misses the Net.
3:25 of 2nd period - Icing by Andrej Sekera.
3:26 of 2nd period - Jiri Hudler wins face-off versus Henrik Sedin in Lightning zone.
3:56 of 2nd period - Shot by Jiri Hudler.
3:56 of 2nd period - Stopped by Jaroslav Halak without a rebound.
3:57 of 2nd period - Joakim Andersson wins face-off versus Maxime Talbot in Lightning zone.
4:09 of 2nd period - Teddy Purcell is hit by Matt Carle and loses puck.
4:16 of 2nd period - Shot by Nick Spaling.
4:16 of 2nd period - Shot Blocked by Cal Clutterbuck.
4:18 of 2nd period - Shot by Brad Hunt.
4:18 of 2nd period - Stopped by Antti Niemi with a rebound.
4:20 of 2nd period - Shot by Nick Spaling.
4:20 of 2nd period - Shot Misses the Net.
4:55 of 2nd period - Icing by Matt Irwin.
4:56 of 2nd period - Henrik Sedin wins face-off versus Jay McClement in Blues zone.
5:15 of 2nd period - Double Minor Penalty to Erik Gudbranson for Roughing.
5:16 of 2nd period - Mike Fisher wins face-off versus Travis Zajac in Lightning zone.
5:39 of 2nd period - Shot by Marian Hossa.
5:39 of 2nd period - Deflect By Mike Fisher.
5:39 of 2nd period - Stopped by Jaroslav Halak without a rebound.
5:40 of 2nd period - Travis Zajac wins face-off versus Jiri Hudler in Lightning zone.
6:17 of 2nd period - Shot by Jiri Hudler.
6:17 of 2nd period - Stopped by Jaroslav Halak without a rebound.
6:18 of 2nd period - Mike Fisher wins face-off versus Nick Spaling in Lightning zone.
7:21 of 2nd period - Shot by Jiri Hudler.
7:21 of 2nd period - Deflect By Michael Raffl.
7:21 of 2nd period - Shot Blocked by Christian Ehrhoff.
7:31 of 2nd period - Shot by Lee Stempniak.
7:31 of 2nd period - Shot Misses the Net.
7:33 of 2nd period - Shot by Michael Raffl.
7:33 of 2nd period - Deflect By Jiri Hudler.
7:33 of 2nd period - Stopped by Jaroslav Halak without a rebound.
7:34 of 2nd period - Mike Fisher wins face-off versus Travis Zajac in Lightning zone.
7:35 of 2nd period - Shot by Johnny Boychuk.
7:35 of 2nd period - Shot Misses the Net.
7:37 of 2nd period - Shot by Johnny Boychuk.
7:37 of 2nd period - Stopped by Jaroslav Halak without a rebound.
7:38 of 2nd period - Travis Zajac wins face-off versus Mike Fisher in Lightning zone.
8:32 of 2nd period - Shot by Jiri Hudler.
8:32 of 2nd period - Shot Misses the Net.
8:34 of 2nd period - Shot by Lee Stempniak.
8:34 of 2nd period - Shot Misses the Net.
8:36 of 2nd period - Shot by Carl Gunnarsson.
8:36 of 2nd period - Shot Misses the Net.
8:42 of 2nd period - Shot by Michael Raffl.
8:42 of 2nd period - Shot Misses the Net.
8:46 of 2nd period - Shot by Lee Stempniak.
8:46 of 2nd period - Deflect By Michael Raffl.
8:46 of 2nd period - Stopped by Jaroslav Halak with a rebound.
8:48 of 2nd period - Shot by Lee Stempniak.
8:48 of 2nd period - Shot Blocked by Hampus Lindholm.
8:50 of 2nd period - Shot by Michael Raffl.
8:50 of 2nd period - Shot Misses the Net.
9:10 of 2nd period - Shot by Mike Fisher.
9:10 of 2nd period - Shot Misses the Net.
9:12 of 2nd period - Shot by Mike Fisher.
9:12 of 2nd period - Shot Misses the Net.
9:14 of 2nd period - Shot by Jakub Kindl.
9:14 of 2nd period - Deflect By Marian Hossa.
9:14 of 2nd period - Shot Blocked by Christian Ehrhoff.
9:30 of 2nd period - Shot by Radim Vrbata.
9:30 of 2nd period - Shot Misses the Net.
9:36 of 2nd period - Shot by Henrik Sedin.
9:36 of 2nd period - Stopped by Antti Niemi without a rebound.
9:37 of 2nd period - Travis Zajac wins face-off versus Jiri Hudler in Blues zone.
9:48 of 2nd period - Shot by Travis Zajac.
9:48 of 2nd period - Shot Misses the Net.
9:50 of 2nd period - Shot by Andrej Sekera.
9:50 of 2nd period - Shot Misses the Net.
9:52 of 2nd period - Shot by Kyle Okposo.
9:52 of 2nd period - Stopped by Antti Niemi with a rebound.
9:54 of 2nd period - Shot by John Gaudreau.
9:54 of 2nd period - Stopped by Antti Niemi without a rebound.
9:55 of 2nd period - Henrik Sedin wins face-off versus Joakim Andersson in Blues zone.
10:11 of 2nd period - Shot by Patric Hornqvist.
10:11 of 2nd period - Stopped by Antti Niemi without a rebound.
10:12 of 2nd period - Clarke MacArthur wins face-off versus Maxime Talbot in Blues zone.
10:28 of 2nd period - Shot by Eric Fehr.
10:28 of 2nd period - Stopped by Antti Niemi with a rebound.
10:30 of 2nd period - Shot by Eric Fehr.
10:30 of 2nd period - Shot Misses the Net.
10:54 of 2nd period - Shot by Eric Fehr.
10:54 of 2nd period - Shot Blocked by Matt Carle.
11:14 of 2nd period - Shot by John Gaudreau.
11:14 of 2nd period - Stopped by Antti Niemi without a rebound.
11:15 of 2nd period - Mike Fisher wins face-off versus Henrik Sedin in Blues zone.
11:26 of 2nd period - Shot by Marian Hossa.
11:26 of 2nd period - Stopped by Jaroslav Halak without a rebound.
11:27 of 2nd period - Travis Zajac wins face-off versus Jiri Hudler in Lightning zone.
11:40 of 2nd period - Shot by Jiri Hudler.
11:40 of 2nd period - Shot Misses the Net.
12:04 of 2nd period - Shot by Jussi Jokinen.
12:04 of 2nd period - Shot Misses the Net.
12:28 of 2nd period - Shot by Cal Clutterbuck.
12:28 of 2nd period - Stopped by Jaroslav Halak with a rebound.
12:30 of 2nd period - Shot by Marian Hossa.
12:30 of 2nd period - Shot Misses the Net.
13:00 of 2nd period - Shot by Henrik Sedin.
13:00 of 2nd period - Shot Misses the Net.
13:19 of 2nd period - Minor Penalty to Johnny Boychuk for Holding.
13:20 of 2nd period - Jay McClement wins face-off versus Henrik Sedin in Blues zone.
13:37 of 2nd period - Shot by Hampus Lindholm.
13:37 of 2nd period - Stopped by Antti Niemi without a rebound.
13:38 of 2nd period - Jiri Hudler wins face-off versus Henrik Sedin in Blues zone.
13:38 of 2nd period - Jiri Hudler is hit by Patric Hornqvist.
13:52 of 2nd period - Shot by Christian Ehrhoff.
13:52 of 2nd period - Shot Misses the Net.
13:54 of 2nd period - Shot by Christian Ehrhoff.
13:54 of 2nd period - Stopped by Antti Niemi with a rebound.
13:56 of 2nd period - Shot by Brad Hunt.
13:56 of 2nd period - Shot Misses the Net.
13:58 of 2nd period - Shot by Patric Hornqvist.
13:58 of 2nd period - Stopped by Antti Niemi without a rebound.
13:59 of 2nd period - Travis Zajac wins face-off versus Jiri Hudler in Blues zone.
14:02 of 2nd period - Shot by John Gaudreau.
14:02 of 2nd period - Stopped by Antti Niemi with a rebound.
14:26 of 2nd period - Off-side.
14:27 of 2nd period - Henrik Sedin wins face-off versus Jay McClement in neutral zone.
15:51 of 2nd period - Joakim Andersson is hit by Brad Hunt and loses puck.
15:56 of 2nd period - Shot by Cal Clutterbuck.
15:56 of 2nd period - Shot Misses the Net.
15:58 of 2nd period - Shot by Mike Weaver.
15:58 of 2nd period - Stopped by Jaroslav Halak without a rebound.
15:59 of 2nd period - Jiri Hudler wins face-off versus Kyle Okposo in Lightning zone.
16:33 of 2nd period - Shot by John Gaudreau.
16:33 of 2nd period - Stopped by Antti Niemi with a rebound.
16:40 of 2nd period - Icing by Carl Gunnarsson.
16:41 of 2nd period - Jiri Hudler wins face-off versus Henrik Sedin in Blues zone.
17:33 of 2nd period - Icing by Carl Gunnarsson.
17:34 of 2nd period - Maxime Talbot wins face-off versus Jiri Hudler in Blues zone.
17:47 of 2nd period - Shot by Maxime Talbot.
17:47 of 2nd period - Shot Misses the Net.
18:06 of 2nd period - Minor Penalty to Tyson Strachan for Tripping.
18:07 of 2nd period - Jay McClement wins face-off versus Kyle Okposo in Blues zone.
19:12 of 2nd period - Shot by Henrik Sedin.
19:12 of 2nd period - Stopped by Antti Niemi without a rebound.
19:13 of 2nd period - Jay McClement wins face-off versus Henrik Sedin in Blues zone.
19:24 of 2nd period - Mike Weaver is hit by Patric Hornqvist and loses puck.
Goals for this period are 0 for Blues vs 0 for Lightning.
Shots for this period are 9 for Blues vs 13 for Lightning.

3rd period


0:01 of 3rd period - Jiri Hudler wins face-off versus Henrik Sedin in neutral zone.
0:15 of 3rd period - Minor Penalty to Erik Gudbranson for Hooking.
0:16 of 3rd period - Travis Zajac wins face-off versus Mike Fisher in Lightning zone.
0:30 of 3rd period - Marian Hossa is hit by Andre Benoit and loses puck.
0:49 of 3rd period - Shot by Johnny Boychuk.
0:49 of 3rd period - Stopped by Jaroslav Halak without a rebound.
0:50 of 3rd period - Travis Zajac wins face-off versus Jiri Hudler in Lightning zone.
1:18 of 3rd period - Shot by Matt Irwin.
1:18 of 3rd period - Stopped by Jaroslav Halak with a rebound.
1:20 of 3rd period - Shot by Carl Gunnarsson.
1:20 of 3rd period - Stopped by Jaroslav Halak without a rebound.
1:21 of 3rd period - Mike Fisher wins face-off versus Travis Zajac in Lightning zone.
1:26 of 3rd period - Shot by Matt Carle.
1:26 of 3rd period - Shot Blocked by Andre Benoit.
2:20 of 3rd period - Minor Penalty to Patric Hornqvist for Hooking.
2:21 of 3rd period - Jiri Hudler wins face-off versus Nick Spaling in Lightning zone.
2:21 of 3rd period - Carl Gunnarsson is hit by Andrej Sekera.
2:27 of 3rd period - Shot by Matt Irwin.
2:27 of 3rd period - Shot Misses the Net.
2:29 of 3rd period - Shot by Jiri Hudler.
2:29 of 3rd period - Stopped by Jaroslav Halak with a rebound.
2:43 of 3rd period - Shot by Matt Irwin.
2:43 of 3rd period - Shot Misses the Net.
2:45 of 3rd period - Shot by Carl Gunnarsson.
2:45 of 3rd period - Stopped by Jaroslav Halak without a rebound.
2:46 of 3rd period - Travis Zajac wins face-off versus Mike Fisher in Lightning zone.
2:59 of 3rd period - Shot by Travis Zajac.
2:59 of 3rd period - Shot Misses the Net.
3:44 of 3rd period - Shot by Michael Raffl.
3:44 of 3rd period - Shot Misses the Net.
3:46 of 3rd period - Shot by Michael Raffl.
3:46 of 3rd period - Shot Misses the Net.
3:52 of 3rd period - Shot by Jiri Hudler.
3:52 of 3rd period - Shot Misses the Net.
3:54 of 3rd period - Shot by Michael Raffl.
3:54 of 3rd period - Stopped by Jaroslav Halak without a rebound.
3:55 of 3rd period - Jiri Hudler wins face-off versus Nick Spaling in Lightning zone.
4:06 of 3rd period - Shot by Michael Raffl.
4:06 of 3rd period - Stopped by Jaroslav Halak with a rebound.
4:16 of 3rd period - Shot by Michael Raffl.
4:16 of 3rd period - Shot Misses the Net.
5:16 of 3rd period - Shot by Lee Stempniak.
5:16 of 3rd period - Stopped by Jaroslav Halak without a rebound.
5:17 of 3rd period - Maxime Talbot wins face-off versus Jiri Hudler in Lightning zone.
5:19 of 3rd period - Icing by Teddy Purcell.
5:20 of 3rd period - Jiri Hudler wins face-off versus Maxime Talbot in Lightning zone.
5:48 of 3rd period - Shot by Johnny Boychuk.
5:48 of 3rd period - Shot Hit the Post.
5:58 of 3rd period - Shot by Maxime Talbot.
5:58 of 3rd period - Deflect By Teddy Purcell.
5:58 of 3rd period - Stopped by Antti Niemi without a rebound.
5:59 of 3rd period - Mike Fisher wins face-off versus Travis Zajac in Blues zone.
6:20 of 3rd period - Shot by Mike Fisher.
6:20 of 3rd period - Stopped by Jaroslav Halak without a rebound.
6:21 of 3rd period - Henrik Sedin wins face-off versus Jay McClement in Lightning zone.
7:03 of 3rd period - Matt Carle is hit by Brad Hunt and loses puck.
7:27 of 3rd period - John Gaudreau is hit by Mike Weaver and loses puck.
7:45 of 3rd period - Shot by Travis Zajac.
7:45 of 3rd period - Shot Misses the Net.
7:52 of 3rd period - Icing by Cal Clutterbuck.
7:53 of 3rd period - Mike Fisher wins face-off versus Eric Fehr in Blues zone.
8:20 of 3rd period - Shot by Maxime Talbot.
8:20 of 3rd period - Shot Misses the Net.
8:58 of 3rd period - Shot by Jiri Hudler.
8:58 of 3rd period - Shot Blocked by Christian Ehrhoff.
8:58 of 3rd period - Christian Ehrhoff from Lightning is injured at 8:58 of 3rd period (Left Hip).
8:59 of 3rd period - Henrik Sedin wins face-off versus Jay McClement in Lightning zone.
9:19 of 3rd period - Radim Vrbata is hit by Clarke MacArthur and loses puck.
9:30 of 3rd period - Andre Benoit is hit by Clarke MacArthur and loses puck.
9:52 of 3rd period - Icing by Andre Benoit.
9:53 of 3rd period - Jiri Hudler wins face-off versus Henrik Sedin in Lightning zone.
10:31 of 3rd period - Shot by Kyle Okposo.
10:31 of 3rd period - Stopped by Antti Niemi without a rebound.
10:32 of 3rd period - Maxime Talbot wins face-off versus Marian Hossa in Blues zone.
10:39 of 3rd period - Shot by Maxime Talbot.
10:39 of 3rd period - Shot Misses the Net.
11:03 of 3rd period - Shot by Marian Hossa.
11:03 of 3rd period - Shot Misses the Net.
11:12 of 3rd period - Cal Clutterbuck is hit by Erik Gudbranson.
11:14 of 3rd period - Shot by Marian Hossa.
11:14 of 3rd period - Stopped by Jaroslav Halak without a rebound.
11:15 of 3rd period - Kyle Okposo wins face-off versus Jay McClement in Lightning zone.
11:24 of 3rd period - Shot by Lee Stempniak.
11:24 of 3rd period - Deflect By Clarke MacArthur.
11:24 of 3rd period - Shot Misses the Net.
11:40 of 3rd period - Tyson Strachan is hit by Travis Zajac and loses puck.
11:44 of 3rd period - Icing by Matt Carle.
11:45 of 3rd period - Henrik Sedin wins face-off versus Jay McClement in Blues zone.
12:06 of 3rd period - Icing by Patric Hornqvist.
12:07 of 3rd period - Henrik Sedin wins face-off versus Mike Fisher in Lightning zone.
12:07 of 3rd period - Henrik Sedin is hit by Cal Clutterbuck.
12:10 of 3rd period - Icing by Patric Hornqvist.
12:11 of 3rd period - Henrik Sedin wins face-off versus Mike Fisher in Lightning zone.
12:44 of 3rd period - Icing by Erik Gudbranson.
12:45 of 3rd period - Henrik Sedin wins face-off versus Jiri Hudler in Lightning zone.
13:09 of 3rd period - Shot by Jiri Hudler.
13:09 of 3rd period - Stopped by Jaroslav Halak with a rebound.
13:54 of 3rd period - Hampus Lindholm is hit by Lee Stempniak.
13:58 of 3rd period - Shot by Clarke MacArthur.
13:58 of 3rd period - Shot Misses the Net.
14:04 of 3rd period - Shot by Lee Stempniak.
14:04 of 3rd period - Stopped by Jaroslav Halak without a rebound.
14:05 of 3rd period - Mike Fisher wins face-off versus Maxime Talbot in Lightning zone.
14:17 of 3rd period - Icing by Hampus Lindholm.
14:18 of 3rd period - Maxime Talbot wins face-off versus Joakim Andersson in Lightning zone.
14:32 of 3rd period - Shot by Maxime Talbot.
14:32 of 3rd period - Shot Blocked by Johnny Boychuk.
14:34 of 3rd period - Shot by Eric Fehr.
14:34 of 3rd period - Shot Misses the Net.
14:36 of 3rd period - Shot by Eric Fehr.
14:36 of 3rd period - Goal by Eric Fehr - Blues : 3 - Lightning : 1.
14:37 of 3rd period - Travis Zajac wins face-off versus Jay McClement in neutral zone.
14:40 of 3rd period - Tyson Strachan is hit by Travis Zajac and loses puck.
14:45 of 3rd period - Shot by Kyle Okposo.
14:45 of 3rd period - Stopped by Antti Niemi without a rebound.
14:46 of 3rd period - Henrik Sedin wins face-off versus Jiri Hudler in Blues zone.
14:55 of 3rd period - Shot by Patric Hornqvist.
14:55 of 3rd period - Shot Misses the Net.
14:57 of 3rd period - Shot by Henrik Sedin.
14:57 of 3rd period - Shot Misses the Net.
15:48 of 3rd period - Icing by Jiri Hudler.
15:49 of 3rd period - Travis Zajac wins face-off versus Jiri Hudler in Blues zone.
15:50 of 3rd period - Shot by John Gaudreau.
15:50 of 3rd period - Shot Misses the Net.
15:52 of 3rd period - Shot by Travis Zajac.
15:52 of 3rd period - Stopped by Antti Niemi without a rebound.
15:53 of 3rd period - Mike Fisher wins face-off versus Travis Zajac in Blues zone.
15:53 of 3rd period - Matt Carle is hit by Kyle Okposo and loses puck.
16:13 of 3rd period - Marian Hossa is hit by Erik Gudbranson and loses puck.
16:18 of 3rd period - Shot by Marian Hossa.
16:18 of 3rd period - Shot Misses the Net.
16:35 of 3rd period - Shot by Mike Fisher.
16:35 of 3rd period - Deflect By Marian Hossa.
16:35 of 3rd period - Stopped by Jaroslav Halak without a rebound.
16:36 of 3rd period - Jay McClement wins face-off versus Maxime Talbot in Lightning zone.
16:45 of 3rd period - Shot by Maxime Talbot.
16:45 of 3rd period - Shot Misses the Net.
17:01 of 3rd period - Shot by Eric Fehr.
17:01 of 3rd period - Deflect By Maxime Talbot.
17:01 of 3rd period - Stopped by Antti Niemi without a rebound.
17:02 of 3rd period - Radim Vrbata wins face-off versus Jiri Hudler in Blues zone.
17:02 of 3rd period - Radim Vrbata is hit by Mike Weaver.
17:04 of 3rd period - Shot by Henrik Sedin.
17:04 of 3rd period - Stopped by Antti Niemi without a rebound.
17:05 of 3rd period - Henrik Sedin wins face-off versus Jussi Jokinen in Blues zone.
17:14 of 3rd period - Shot by Henrik Sedin.
17:14 of 3rd period - Shot Misses the Net.
17:20 of 3rd period - Shot by Patric Hornqvist.
17:20 of 3rd period - Stopped by Antti Niemi without a rebound.
17:21 of 3rd period - Jay McClement wins face-off versus Travis Zajac in Blues zone.
17:21 of 3rd period - Jay McClement is hit by Travis Zajac.
17:24 of 3rd period - Icing by Matt Carle.
17:25 of 3rd period - Henrik Sedin wins face-off versus Jay McClement in Blues zone.
17:26 of 3rd period - Shot by Radim Vrbata.
17:26 of 3rd period - Shot Misses the Net.
17:28 of 3rd period - Shot by Andre Benoit.
17:28 of 3rd period - Stopped by Antti Niemi without a rebound.
17:29 of 3rd period - Jay McClement wins face-off versus Henrik Sedin in Blues zone.
17:34 of 3rd period - Andrej Sekera is hit by Jay McClement and loses puck.
17:53 of 3rd period - Icing by Clarke MacArthur.
17:54 of 3rd period - Travis Zajac wins face-off versus Jay McClement in Blues zone.
18:30 of 3rd period - Off-side.
18:31 of 3rd period - Henrik Sedin wins face-off versus Mike Fisher in neutral zone.
19:01 of 3rd period - Erik Gudbranson is hit by Mike Weaver and loses puck.
19:11 of 3rd period - Minor Penalty to Cal Clutterbuck for Tripping.
19:12 of 3rd period - Travis Zajac wins face-off versus Jiri Hudler in Blues zone.
19:13 of 3rd period - Shot by Hampus Lindholm.
19:13 of 3rd period - Shot Misses the Net.
19:15 of 3rd period - Shot by Hampus Lindholm.
19:15 of 3rd period - Goal by Hampus Lindholm - Blues : 3 - Lightning : 2.
19:16 of 3rd period - Mike Fisher wins face-off versus Henrik Sedin in neutral zone.
19:28 of 3rd period - Lightning, Jaroslav Halak is pulled from the net.
19:36 of 3rd period - Shot by Henrik Sedin.
19:36 of 3rd period - Deflect By Radim Vrbata.
19:36 of 3rd period - Shot Blocked by Mike Fisher.
19:38 of 3rd period - Shot by Hampus Lindholm.
19:38 of 3rd period - Shot Misses the Net.
19:40 of 3rd period - Shot by Patric Hornqvist.
19:40 of 3rd period - Stopped by Antti Niemi without a rebound.
19:41 of 3rd period - Mike Fisher wins face-off versus Henrik Sedin in Blues zone.
19:52 of 3rd period - Shot by Marian Hossa.
19:52 of 3rd period - Deflect By Mike Fisher.
19:52 of 3rd period - Shot Misses the Net.
Goals for this period are 0 for Blues vs 2 for Lightning.
Shots for this period are 13 for Blues vs 11 for Lightning.